 Dungeon Crawl Stone Soup version 0.29-a0-275-g389c0b56f3 (webtiles) character file.

Game seed: 4281503952306572951

26362 dolemite99 the Fighter (level 12, -1/97 HPs)
             Began as a Mummy Abyssal Knight on Mar 10, 2022.
             Was a Priest of Lugonu.
             Slain by a cane toad (4 damage)
             ... on level 6 of the Lair of Beasts.
             The game lasted 00:34:36 (25748 turns).

dolemite99 the Fighter (Mummy Abyssal Knight)      Turns: 25748, Time: 00:34:37

Health: -1/97      AC: 21    Str: 26    XL:     12   Next: 97%
Magic:  27/27      EV: 13    Int:  9    God:    Lugonu [***...]
Gold:   505        SH:  3    Dex: 12    Spells: 11/11 levels left

rFire   . . .      SeeInvis +   b - +10 long sword of Yloxa {spect, MP+9 Str+4 SInv}
rCold   + + .      Faith    .   g - +0 buckler
rNeg    + + +      Spirit   .   m - +4 scale mail {rF+}
rPois   ∞          Reflect  .   c - +1 helmet
rElec   .          Harm     .   (no cloak)
rCorr   .          Rampage  .   (no gloves)
Will    +....                   D - +2 pair of boots
Stlth   ..........              A - amulet of regeneration
HPRegen 1.06/turn               W - +4 ring of protection
MPRegen 0.20/turn               I - ring "Huuseo" {rPois rC+ rN+ Slay+2}

@: slowed, very slow
A: cold resistance 1, negative energy resistance 3, torment resistance 2, heat
vulnerability 1, in touch with death 1, no potions
a: Renounce Religion, Depart the Abyss, Bend Space, Banish


You were on level 6 of the Lair of Beasts.
You worshipped Lugonu.
Lugonu was most pleased with you.
You visited 2 branches of the dungeon, and saw 18 of its levels.
You visited the Abyss 1 time.

You collected 2169 gold pieces.
You spent 1664 gold pieces at shops.

Inventory:

Hand Weapons
 a - the +11 short sword "Alikuono" {vorpal, rF+ Will+}
   (You took it off a wight on level 9 of the Dungeon)

   It inflicts extra damage upon your enemies.
   rF:        It protects you from fire.
   Will:      It increases your willpower.
 b - the +10 long sword of Yloxa (weapon) {spect, MP+9 Str+4 SInv}
   (You found it on level 4 of the Lair of Beasts)

   When its wielder attacks, the weapon's spirit leaps out and strikes again.
   The spirit shares a part of any damage it takes with its wielder.
   Str:       It affects your strength (+4).
   MP:        It affects your magic capacity (+9).
   SInv:      It lets you see invisible.
 d - a +4 rapier
 k - a +1 rapier of venom
 y - a +4 falchion
 B - a +2 short sword
 M - a +1 dagger of electrocution
 O - the +4 hand axe of the Median {chaos, Str+4 Int+3 Stlth+}
   (You found it on level 11 of the Dungeon)

   Each time it hits an enemy it has a different, random effect.
   Str:       It affects your strength (+4).
   Int:       It affects your intelligence (+3).
   Stlth:     It makes you more stealthy.
 U - the +6 war axe "Mokicyet" {vorpal, *Rage rElec rF- rC++}
   (You found it on level 1 of the Lair of Beasts)

   It inflicts extra damage upon your enemies.
   rF:        It makes you vulnerable to fire.
   rC:        It greatly protects you from cold.
   rElec:     It insulates you from electricity.
   *Rage:     It berserks you when you make melee attacks (+20% chance).
 Y - a +2 dagger of venom
Missiles
 e - 433 stones (quivered)
 p - 12 boomerangs
 H - 3 curare-tipped darts
Armour
 c - a +1 helmet (worn)
 g - a +0 buckler (worn)
 m - a +4 scale mail of fire resistance (worn)
 w - an orb of energy
 D - a +2 pair of boots (worn)
 E - a +0 pair of boots
 K - the +2 ring mail of Forking Paths {rC+ Int+7}
   (You found it on level 10 of the Dungeon)

   Int:       It affects your intelligence (+7).
   rC:        It protects you from cold.
 S - a +1 helmet
Magical Staves
 x - a staff of fire
 V - a staff of death
Jewellery
 h - an amulet of reflection
 j - a ring of see invisible
 l - a ring of fire
 s - a +6 ring of intelligence
 A - an amulet of regeneration (around neck)
 I - the ring "Huuseo" (right hand) {rPois rC+ rN+ Slay+2}
   (You took it off a wight on level 9 of the Dungeon)

   [ring of positive energy]

   Slay:      It affects your accuracy & damage with ranged weapons and melee
   (+2).
   rC:        It protects you from cold.
   rPois:     It protects you from poison.
   rN:        It protects you from negative energy.
 T - an amulet of magic regeneration
 W - a +4 ring of protection (left hand)
Wands
 u - a wand of paralysis (7)
 z - a wand of iceblast (7)
 G - a wand of charming (18)
 J - a wand of polymorph (5)
 P - a wand of flame (21)
Scrolls
 f - 4 scrolls of noise
 i - 5 scrolls of amnesia
 n - 3 scrolls of vulnerability
 q - 3 scrolls of magic mapping
 r - a scroll of holy word
 t - a scroll of enchant weapon
 v - 3 scrolls of enchant armour
 C - 9 scrolls of identify {@r1}
 L - 6 scrolls of immolation
 N - 3 scrolls of teleportation
 Q - a scroll of blinking
 R - a scroll of fog
 Z - a scroll of fear
Miscellaneous
 F - a piece from Xom's chessboard (15/15)
 X - a phantom mirror (inert)


   Skills:
 - Level 10.0 Fighting
 - Level 9.6(9.9) Short Blades
 + Level 3.0(6.8) Long Blades
 - Level 3.5 Polearms
 - Level 7.0 Armour
 - Level 8.1 Dodging
 - Level 8.9 Invocations


You had 11 spell levels left.
You didn't know any spells.
Your spell library contained the following spells:

 Spells                   Type           Power      Damage    Failure   Level
 Summon Small Mammal      Summ           0%         N/A       75%         1
 Ensorcelled Hibernation  Hex/Ice        0%         N/A       87%         2
 Passwall                 Tmut/Erth      0%         N/A       87%         2
 Scorch                   Fire           0%         2d5       87%         2
 Call Canine Familiar     Summ           0%         N/A       98%         3
 Dazzling Flash           Conj/Hex       0%         N/A       98%         3
 Inner Flame              Hex/Fire       0%         N/A       98%         3
 Ozocubu's Armour         Ice            0%         N/A       98%         3
 Summon Guardian Golem    Hex/Summ       0%         N/A       98%         3
 Swiftness                Air            0%         N/A       98%         3
 Tukima's Dance           Hex            0%         N/A       98%         3
 Anguish                  Hex/Necr       0%         N/A       100%        4
 Cause Fear               Hex            0%         N/A       100%        4
 Flame Wave               Conj/Fire      0%         2d4       100%        4
 Fulminant Prism          Conj/Hex       0%         3d6       100%        4
 Hailstorm                Conj/Ice       0%         3d3       100%        4
 Iskenderun's Mystic Bla  Conj/Tloc      0%         2d3       100%        4
 Summon Lightning Spire   Summ/Air       0%         N/A       100%        4
 Agony                    Necr           0%         N/A       100%        5
 Lee's Rapid Deconstruct  Erth           0%         3d5*      100%        5
 Silence                  Hex/Air        0%         N/A       100%        5
 Simulacrum               Ice/Necr       0%         N/A       100%        6
 Summon Cactus Giant      Summ           0%         N/A       100%        6
 Enfeeble                 Hex            0%         N/A       100%        7
 Orb of Destruction       Conj           0%         9d5       100%        7
 Ozocubu's Refrigeration  Ice            0%         4d5       100%        7
 Spellforged Servitor     Conj/Summ      0%         N/A       100%        7
 Discord                  Hex            0%         N/A       100%        8
 Maxwell's Capacitive Co  Air            0%         ∞         100%        8
 Ice Form                 Ice/Tmut       Unusable   N/A       N/A         4
 Storm Form               Tmut/Air       Unusable   N/A       N/A         7

Dungeon Overview and Level Annotations

Branches:
Dungeon (12/15)            Temple (0/1) D:7            Lair (6/6) D:9
  Swamp (0/4) Lair:2        Slime (0/5) Lair:5          Orc (0/2) D:10
  Snake: Lair:2-4    Spider: Lair:2-4

Altars:
Elyvilon
Fedhas
Kikubaaqudgha
Makhleb
Nemelex Xobeh
Ru
Sif Muna
Trog
Xom
Yredelemnul
Zin
Beogh

Shops:
D:3 !   D:4 [**!   D:6 *   D:7 ?   D:8 *

Annotations:
D:11 exclusion: downstairs
D:12 Gastronok
Lair:3 2 transporters, Nieclary's ghost, journeyman TrTm
Lair:5 corrupted, exclusion: 2 oklob plants
Abyss:1 Prince Ribbit


Innate Abilities, Weirdness & Mutations

You are immune to poison.
Your flesh is cold resistant. (rC+)
You are immune to negative energy. (rN+++)
You are immune to unholy pain and torment.
You are vulnerable to heat. (rF-)
You are in touch with the powers of death.
You do not drink.


Message History

The wyvern bites you but does no damage.
The cane toad barely misses you. The death yak closely misses you.
The wyvern bites you but does no damage.
The cane toad closely misses you.
The death yak gores you but does no damage.
You hit the death yak.
The death yak is heavily wounded.
Your +10 long sword of Yloxa {spect, MP+9 Str+4 SInv} hits the death yak!
The wyvern bites you but does no damage.
The cane toad closely misses you. The wyvern bites you.
The death yak barely misses you. The cane toad barely misses you.
The wyvern bites you but does no damage.
The torpor snail bites you but does no damage.
The death yak gores you!
You hit the wyvern.
The wyvern is lightly wounded.
Your +10 long sword of Yloxa {spect, MP+9 Str+4 SInv} hits the wyvern.
The wyvern bites you! The cane toad barely misses you. The wyvern bites you!
The death yak misses you. The cane toad misses you.
The torpor snail bites you but does no damage.
The wyvern bites you!
You hit the death yak but do no damage.
The death yak is severely wounded.
Your +10 long sword of Yloxa {spect, MP+9 Str+4 SInv} hits the death yak!
The cane toad completely misses you.
The death yak gores you but does no damage.
The wyvern bites you but does no damage.
The cane toad stings you!
* * * LOW HITPOINT WARNING * * *
The torpor snail bites you but does no damage.
The death yak gores you!
* * * LOW HITPOINT WARNING * * *
The wyvern barely misses you. The cane toad attacks as you move away!
The cane toad stings you but does no damage.
The death yak attacks as you move away! The death yak gores you!
* * * LOW HITPOINT WARNING * * *
The wyvern bites you but does no damage.
The cane toad stings you.
You die...

###.........##
#.............###
###.............##
#...............#
##...............##
#.#...P...........##
#....P#.#....#.....##
##...###.###........####
##..####.###..@Y§......
#..#......##Flw.......
#.#.#....###..........
#...#..........(......
#...P#..####..........$
#.PP####. #............
##..# #.#.......((...
.... .............. ##.#
.#.###########


You could see a death yak, a torpor snail, a cane toad and a wyvern.

Vanquished Creatures
  3 hydras
  A two-headed ogre (D:9)
  3 cyclopes (D:11)
  3 black mambas
  A gargoyle (D:9)
  7 cane toads
  A rime drake (Lair:5)
  7 komodo dragons
  4 blink frogs (Lair:6)
  A shadow (D:11)
  46 yaks
  2 vampires (D:10)
  3 wyverns
  A steam dragon (Lair:3)
  10 water moccasins
  5 orc warriors
  An ice beast (D:6)
  2 black bears
  6 centaurs
  A kobold brigand (D:8)
  10 bullfrogs
  3 necrophages
  A gnoll sergeant (D:10)
  3 scorpions
  20 wights
  19 killer bees
  An electric eel (D:8)
  2 howler monkeys
  A jelly (D:4)
  5 hounds
  A gnoll shaman (D:5)
  9 orc priests
  2 iguanas
  Natasha (D:3)
  9 orc wizards
  Robin (D:3)
  9 gnolls
  9 adders
  2 shadow imps
  3 white imps
  5 worms
  2 dart slugs
  43 orcs
  8 endoplasms
  3 giant cockroaches
  17 goblins
  9 hobgoblins
  5 jackals (D:2)
  11 kobolds
  3 quokkas
  11 ball pythons
  6 bats
  A frilled lizard (D:2)
  4 rats
  A butterfly (D:7)
348 creatures vanquished.

Vanquished Creatures (others)
  A catoblepas (Lair:5)
  2 death yaks (Lair:5)
  A torpor snail (Lair:5)
  2 cane toads (Lair:5)
  3 komodo dragons (Lair:5)
  3 slime creatures (Lair:5)
  8 yaks (Lair:5)
  A wyvern (Lair:5)
  A water moccasin (Lair:5)
  2 bullfrogs (Lair:5)
  A jelly (Lair:5)
  5 hell rats (Lair:5)
  2 orcs (D:8)
  3 bushes
  3 foxfires (Lair:5)
  19 fungi
  67 plants
  4 starspawn tentacles (Lair:5)
128 creatures vanquished.

Grand Total: 476 creatures vanquished

Notes
Turn   | Place    | Note
-------+----------+-------------------------------------------
     0 | Abyss:1  | dolemite99 the Mummy Abyssal Knight began the quest for the
                  | Orb.
     0 | Abyss:1  | Reached XP level 1. HP: 18/18 MP: 2/2
     6 | D:1      | Escaped the Abyss
   105 | D:1      | Found a faded altar of an unknown god.
   297 | D:1      | Reached XP level 2. HP: 23/24 MP: 3/3
   898 | D:1      | Gained mutation: You are in touch with the powers of death.
                  | [Mummy growth]
   898 | D:1      | Reached XP level 3. HP: 29/29 MP: 4/4
   902 | D:1      | Reached *** piety under Lugonu
  1704 | D:2      | Reached XP level 4. HP: 24/35 MP: 5/5
  2352 | D:2      | Reached skill level 1 in Short Blades
  2599 | D:3      | Found Plog's Distillery.
  2701 | D:3      | Noticed Natasha
  2713 | D:3      | Killed Natasha
  2847 | D:3      | Noticed Robin
  3330 | D:3      | Killed Robin
  3331 | D:3      | Reached XP level 5. HP: 41/41 MP: 6/6
  4114 | D:4      | Found Dolihal's Assorted Antiques.
  4121 | D:4      | Reached **** piety under Lugonu
  4294 | D:4      | Bought a scroll labelled HEYLAN IZUIGEKH for 32 gold pieces
  4294 | D:4      | Bought a scroll labelled MIUMUA GOEKLAKH for 32 gold pieces
  4294 | D:4      | Bought a scroll labelled XONUEL LUEM for 32 gold pieces
  4294 | D:4      | Bought a scroll labelled SUAGEO PICUSY for 32 gold pieces
  4401 | D:4      | Acquired 981 gold pieces
  4404 | D:4      | Bought a runed silver wand for 128 gold pieces
  4404 | D:4      | Bought a scroll labelled TIGIMP NUKAITO for 32 gold pieces
  4404 | D:4      | Bought a runed rapier for 224 gold pieces
  4404 | D:4      | Bought a glowing rapier for 224 gold pieces
  4421 | D:4      | Found Uryts's Antique Armour Emporium.
  4618 | D:4      | Bought a glowing scale mail for 210 gold pieces
  4632 | D:4      | Bought a buckler for 135 gold pieces
  4696 | D:4      | Reached XP level 6. HP: 38/47 MP: 7/7
  4819 | D:4      | Noticed a water moccasin
  5062 | D:4      | Killed a water moccasin
  5063 | D:4      | Reached XP level 7. HP: 21/52 MP: 7/9
  5302 | D:4      | Found Qoiteces's Distillery.
  5343 | D:4      | Found a bloodstained altar of Trog.
  5434 | D:4      | Found Roer's Assorted Antiques.
  5442 | D:4      | Bought a scroll labelled FORCHI HOAT for 30 gold pieces
  5705 | D:5      | Entered Level 5 of the Dungeon
  6132 | D:5      | Reached skill level 5 in Invocations
  6330 | D:5      | Reached XP level 8. HP: 56/58 MP: 12/12
  7299 | D:6      | Found a shimmering blue altar of Sif Muna.
  8329 | D:6      | Found Hecoet's Assorted Antiques.
  8344 | D:6      | Bought an encrusted fluorescent wand for 88 gold pieces
  8344 | D:6      | Bought a scroll labelled SUGUYTR JOM YKHLIEN for 22 gold
                  | pieces
  8516 | D:7      | Found Niafropn's Magic Scroll Emporium.
  8526 | D:7      | Bought a scroll of teleportation for 42 gold pieces
  8677 | D:6      | Reached XP level 9. HP: 51/63 MP: 15/15
  9150 | D:7      | Noticed Prince Ribbit
  9154 | D:7      | Banished Prince Ribbit
  9155 | D:7      | Reached skill level 5 in Short Blades
  9190 | D:7      | Noticed a troll
  9191 | D:7      | Banished a troll
  9395 | D:7      | Found a staircase to the Ecumenical Temple.
  9634 | D:7      | Found a shimmering altar of Xom.
 10707 | D:8      | Found a basalt altar of Yredelemnul.
 10720 | D:8      | Found an ancient bone altar of Kikubaaqudgha.
 10740 | D:8      | Found Noidicry's Assorted Antiques.
 10836 | D:8      | Bought an iron wand for 128 gold pieces
 10856 | D:8      | Found a burning altar of Makhleb.
 11202 | D:8      | HP: 2/63 [killer bee (5)]
 12862 | D:8      | Reached skill level 4 in Fighting
 12925 | D:8      | Reached XP level 10. HP: 30/73 MP: 7/16
 13304 | D:8      | Reached skill level 5 in Fighting
 13881 | D:9      | Noticed a four-headed hydra
 13884 | D:9      | Noticed a two-headed ogre
 14824 | D:9      | Noticed a gargoyle
 15424 | D:9      | Killed a two-headed ogre
 15425 | D:9      | Reached skill level 6 in Fighting
 15809 | D:9      | Reached skill level 7 in Fighting
 16276 | D:9      | Killed a gargoyle
 16813 | D:9      | Found a staircase to the Lair.
 16850 | D:9      | Reached skill level 8 in Fighting
 17286 | D:9      | Found a sparkling altar of Nemelex Xobeh.
 17468 | D:9      | Reached skill level 9 in Fighting
 17897 | D:9      | Found a sacrificial altar of Ru.
 18129 | D:9      | Identified the +11 short sword "Alikuono" {vorpal, rF+
                  | Will+}
 18129 | D:9      | Identified the ring "Huuseo" {rPois rC+ rN+ Slay+2}
 18355 | D:10     | Entered Level 10 of the Dungeon
 18722 | D:10     | Identified the +2 ring mail of Forking Paths {rC+ Int+7}
 18837 | D:10     | Found a blossoming altar of Fedhas.
 18908 | D:10     | Reached skill level 10 in Fighting
 19136 | D:10     | Reached XP level 11. HP: 88/90 MP: 17/17
 19179 | D:10     | Found a staircase to the Orcish Mines.
 19838 | D:11     | Noticed a two-headed ogre
 19842 | D:11     | Banished a two-headed ogre
 19976 | D:11     | Identified the +4 hand axe of the Median {chaos, Str+4
                  | Int+3 Stlth+}
 20486 | D:11     | Reached skill level 5 in Armour
 21174 | D:12     | Noticed Gastronok
 21174 | D:12     | Noticed a green ugly thing
 21316 | D:7      | Bought a scroll of teleportation for 42 gold pieces
 21316 | D:7      | Bought a scroll of teleportation for 42 gold pieces
 21316 | D:7      | Bought a scroll of blinking for 105 gold pieces
 21316 | D:7      | Bought a scroll of identify for 28 gold pieces
 21316 | D:7      | Bought a scroll of fog for 28 gold pieces
 21316 | D:7      | Bought a scroll of identify for 28 gold pieces
 21405 | Lair:1   | Entered Level 1 of the Lair of Beasts
 21470 | Lair:1   | Noticed a five-headed hydra
 21480 | Lair:1   | Killed a five-headed hydra
 22039 | Lair:1   | Reached XP level 12. HP: 64/97 MP: 18/18
 22198 | Lair:1   | Reached skill level 1 in Dodging
 22828 | Lair:1   | Identified the +6 war axe "Mokicyet" {vorpal, *Rage rElec
                  | rF- rC++}
 23003 | Lair:2   | Found a staircase to the Swamp.
 23678 | Lair:3   | Noticed Nieclary's ghost (journeyman TrTm)
 23678 | Lair:3   | Found a transporter.
 23685 | Lair:3   | Found a transporter.
 23744 | Lair:3   | Reached skill level 5 in Dodging
 23885 | Lair:3   | Noticed a four-headed hydra
 23898 | Lair:3   | Killed a four-headed hydra
 24798 | Lair:4   | Noticed a seven-headed hydra
 24807 | Lair:4   | Killed a seven-headed hydra
 24894 | Lair:4   | Identified the +10 long sword of Yloxa {spect, MP+9 Str+4
                  | SInv}
 24952 | Lair:4   | You fall into a shaft and drop 1 floor!
 24952 | Lair:5   | Noticed a death yak
 24952 | Lair:5   | Noticed a death yak
 24952 | Lair:5   | Found a staircase to the Slime Pits.
 24954 | Lair:5   | Corrupted Lair:5
 24954 | Lair:5   | Noticed a tentacled starspawn
 24954 | Lair:5   | Noticed a tentacled starspawn
 24954 | Lair:5   | Noticed a starcursed mass
 24954 | Lair:5   | Noticed a starcursed mass
 24954 | Lair:5   | Noticed a starcursed mass
 24955 | Lair:5   | Noticed a bone dragon
 24956 | Lair:5   | Killed a death yak
 24957 | Lair:5   | Noticed a green very ugly thing
 24957 | Lair:5   | Noticed an ironbound thunderhulk
 24958 | Lair:5   | Killed a death yak
 24993 | Lair:5   | Noticed a red draconian
 24995 | Lair:5   | Killed a catoblepas
 25002 | Lair:5   | Reached skill level 1 in Long Blades
 25533 | Lair:6   | Entered Level 6 of the Lair of Beasts
 25739 | Lair:6   | Noticed a death yak
 25748 | Lair:6   | HP: 1/97 [death yak[a torpor snail] (10)]
 25748 | Lair:6   | Slain by a cane toad

Illustrated notes

Levels and vault maps discovered:
D:1:      amcnicky_arrival_feature_with_door, layout_loops_ring,
          shapermc_ecumenical_altar_venn
D:2:      layout_basic, nrook_mini_vaults, minmay_between
D:3:      layout_loops_ring, serial_shops, shop, portal_sewer_entry_a,
          minivault_4, uniq_natasha, uniq_robin
D:4:      layout_rooms, trog_antimagical, serial_shops, shop, shop, shop,
          nicolae_shop_stone
D:5:      layout_basic, hangedman_minor_gate_pass
D:6:      layout_basic, old_standard_altar, serial_shops, shop
D:7:      layout_loops_corners, xom_butterflies, zin_treasury,
          minmay_temple_entry_antechambers, serial_shops, nicolae_square_shop,
          kennysheep_path_1, uniq_prince_ribbit1
D:8:      minmay_goldmine, layout_rooms, general_overflow_altar,
          makhleb_blood_cavern_becter, nicolae_elyvilon_peaceful_grove,
          yredelemnul_altar_generic, serial_bayou, serial_bayou_pond_b,
          serial_bayou_ford_a, serial_bayou_pond_c, serial_bayou_pond_d,
          serial_bayou_pond_b, enter_ossuary_5, serial_shops, shop,
          chequers_serial_rivers_room_b
D:9:      layout_loops_ring, mainiacjoe_overflow_paths,
          nicolae_ru_path_of_blood, lair_entry_dummy
D:10:     layout_small_grid, marbit_many_paths, david_orc_5
D:11:     minmay_spotlight, layout_cave_pods
D:12:     layout_cave_pools, tso_altar, uniq_snorg, uniq_erolcha, uniq_nergalle,
          uniq_gastronok, uniq_sonja
Lair:1:   layout_small_grid, grunt_megastairs_5
Lair:2:   layout_regular_city, minmay_swamp_entry_eels
Lair:3:   layout_gridlike, gammafunk_ghost_hive, grunt_megastairs_3
Lair:4:   layout_loops_ring, nicolae_spider_entry_non_spiders,
          portal_ice_cave_demonic_guard
Lair:5:   minmay_lair_oklob_chamber, layout_misc_corridors,
          minmay_slime_entry_pillars, lemuel_fruit_tree
Lair:6:   cheibrodos_lair_end_hotspot, layout_regular_city

Skill      XL: |  1  2  3  4  5  6  7  8  9 10 11 12 |
---------------+-------------------------------------+-----
Polearms       | 2 3 |  3.5
Short Blades   | 2 3 4 8 9 |  9.6
Invocations    | 2 5 8 |  8.9
Fighting       | 4 10 | 10.0
Armour         | 2 7 |  7.0
Dodging        | 8 |  8.1
Long Blades    | 3 |  3.0

Action                   |  1- 3 |  4- 6 |  7- 9 | 10-12 || total
-------------------------+-------+-------+-------+-------++-------
Melee: Spear             |   151 |       |       |       ||   151
       Dagger            |    15 |   243 |   690 |   344 ||  1292
       Punch             |       |     1 |       |       ||     1
       Rapier            |       |     3 |       |    20 ||    23
       Short sword       |       |       |       |   420 ||   420
       Long sword        |       |       |       |    41 ||    41
Throw: Dart              |       |       |     4 |   142 ||   146
       Stone             |       |       |     4 |    22 ||    26
       Boomerang         |       |       |    22 |    20 ||    42
Invok: Banish            |       |       |    16 |     7 ||    23
       Bend Space        |       |       |     6 |     4 ||    10
       Corrupt           |       |       |       |     1 ||     1
Evoke: Wand              |       |     4 |     3 |    22 ||    29
       Piece from Xom's  |       |       |       |     1 ||     1
       Phantom mirror    |       |       |       |     1 ||     1
  Use: Scroll            |       |     9 |    12 |     3 ||    24
 Stab: Distracted        |       |       |       |     1 ||     1
Armor: Leather armour    |    34 |       |       |       ||    34
       Ring mail         |    38 |    81 |       |       ||   119
       Scale mail        |       |    38 |   308 |   324 ||   670
Dodge: Dodged            |    92 |   131 |   226 |   332 ||   781
Block: Buckler           |       |     5 |   136 |   148 ||   289
       Reflection        |       |       |     2 |     6 ||     8

Table legend: (Time is in decaauts)
 A = Elapsed time spent in this place.
 B = Non-inter-level travel time spent in this place.
 C = Inter-level travel time spent in this place.
 D = Time resting spent in this place.
 E = Time spent auto-exploring this place.
 F = Levels seen in this place.
 G = Mean time per level.
                   A        B        C        D        E       F      G
               +--------+--------+--------+--------+--------+-----+--------+
         Total |  25381 |  24549 |    832 |   9866 |  10079 |  19 | 1335.8 |
       Dungeon |  21161 |  20421 |    740 |   9448 |   7212 |  12 | 1763.4 |
          Lair |   4214 |   4122 |     92 |    418 |   2867 |   6 |  702.3 |
         Abyss |      6 |      6 |      0 |      0 |      0 |   1 |    6.0 |
               +--------+--------+--------+--------+--------+-----+--------+

Top non-repeatable levels by time:
     D:8: 3793 daAuts
     D:7: 3282 daAuts
     D:9: 2945 daAuts
     D:6: 1704 daAuts
     D:4: 1628 daAuts
     D:2: 1584 daAuts
  Lair:1: 1368 daAuts
     D:5: 1351 daAuts
    D:11: 1328 daAuts
     D:1: 1285 daAuts
     D:3: 1158 daAuts
    D:10: 1097 daAuts
  Lair:3: 1087 daAuts
  Lair:2: 800 daAuts
  Lair:5: 584 daAuts
